Map: Old Republic LE

Players

eXceS - Winner!

  • Race: Protoss Protoss
  • League: Diamond
  • Spawn Location: 7:00

HoldTheDoor

  • Race: Protoss Protoss
  • League: Diamond
  • Spawn Location: 1:00

VOD

Have the link to the VOD?

Description

Time

  • Played on: May 11, 2026, 10:22 a.m.
  • Length: 12:36
Show
View Real Time Build Order
Export as new Build Order

eXceS Protoss - Winner!

Build Orders: Archon Immortal, Blink Stalkers 

Get SALT Encoding   

  12  0:00  Probe  
  13  0:12  Probe  
  14  0:17  Pylon  
  14  0:24  Probe  
  15  0:37  Probe  
  15  0:42  Gateway  
  16  0:46  Assimilator  
  16  0:49  Probe  
  17  1:00  Assimilator  
  17  1:01  Probe  
  18  1:13  Probe  
  19  1:24  Pylon  
  19  1:25  Probe  
  20  1:29  Cybernetics Core  
  20  1:37  Probe  
  21  1:49  Probe  
  21  1:52  Gateway  
  22  1:55  Stalker  
  22  2:01  Probe  
  22  2:06  Gateway  
  22  2:08  Warp Gate  
  25  2:13  Probe  
  26  2:18  Stalker  
  26  2:25  Probe  
  29  2:33  Twilight Council  
  29  2:36  Pylon  
  29  2:39  Probe  
  30  2:48  Stalker  
  30  2:51  Blink  
  32  3:11  Nexus  
  32  3:33  Probe  
  33  3:50  Shield Battery  
  33  3:56  Stalker x3  
  39  4:06  Pylon  
  39  4:10  Pylon  
  39  4:11  Pylon  
  39  4:21  Robotics Facility  
  39  4:22  Probe  
  40  4:24  Probe  
  41  4:34  Probe  
  41  4:36  Probe  
  43  4:40  Charge  
  43  4:46  Probe  
  43  4:49  Probe  
  43  4:50  Pylon  
  45  4:56  Stalker  
  45  4:57  Stalker  
  49  5:00  Probe  
  49  5:04  Probe  
  51  5:09  Shield Battery  
  51  5:11  Observer  
  51  5:12  Probe  
  53  5:15  Stalker  
  53  5:17  Probe  
  53  5:19  Immortal  
  56  5:24  Probe  
  57  5:30  Probe  
  62  5:39  Assimilator  
  62  5:40  Probe  
  62  5:41  Assimilator  
  62  5:42  Probe  
  64  5:44  Stalker  
  66  5:52  Probe  
  67  5:59  Immortal  
  71  6:04  Forge  
  71  6:11  Gateway  
  71  6:17  Probe  
  72  6:20  Protoss Ground Weapons Level 1  
  72  6:22  Pylon  
  72  6:36  Immortal  
  75  6:45  Probe x2  
  77  6:47  Zealot x3  
  83  6:58  Probe x2  
  83  7:07  Immortal  
  83  7:15  Nexus  
  83  7:17  Probe  
  83  7:18  Probe, Pylon  
  89  7:23  Pylon  
  89  7:28  Templar Archives  
  89  7:30  Probe  
  89  7:31  Probe  
  91  7:40  Gateway  
  91  7:42  Probe  
  91  7:43  Probe  
  93  7:46  Observer  
  93  7:50  Gateway  
  94  7:55  Probe x2  
  94  7:57  Protoss Ground Armor Level 1  
  96  8:07  Probe  
  96  8:08  Shield Battery  
  96  8:11  Gateway  
  97  8:14  Gateway, High Templar x3  
  97  8:15  High Templar  
  97  8:18  Archon  
  97  8:19  Archon  
  105  8:20  Assimilator  
  105  8:22  Probe x2  
  105  8:23  Assimilator  
  105  8:24  Observer  
  105  8:27  Probe  
  109  8:34  Probe x2  
  111  8:44  High Templar  
  111  8:46  High Templar  
  111  8:47  Probe x3  
  118  8:51  Gateway  
  118  8:53  Gateway, Archon  
  118  8:56  Shield Battery  
  118  8:59  Probe x2  
  118  9:00  Probe, High Templar x2  
  125  9:03  Pylon  
  125  9:12  Gateway  
  125  9:14  Gateway  
  125  9:15  Archon  
  125  9:17  Pylon  
  125  9:21  Pylon, Probe x3  
  125  9:22  Pylon  
  128  9:25  Protoss Ground Weapons Level 2  
  128  9:30  Nexus  
  128  9:33  Pylon  
  128  9:38  High Templar x4  
  134  9:40  Probe x2  
  134  9:41  Probe  
  134  9:43  Archon x2  
  139  9:47  Pylon  
  139  9:48  Dark Shrine  
  139  9:52  Probe x2  
  141  9:53  Probe  
  141  9:54  Immortal  
  141  9:55  Pylon  
  146  10:02  Pylon  
  146  10:04  Probe x2  
  146  10:06  Probe  
  149  10:09  Pylon  
  149  10:16  Probe  
  149  10:30  Zealot x5  
  149  10:31  Zealot x5  
  149  10:32  Zealot  
  171  10:44  Probe  
  171  10:45  Probe x2  
  171  10:49  Shield Battery  
  174  10:51  Pylon  
  174  10:54  Probe  
  174  10:55  Gateway  
  174  10:56  Probe  
  176  10:57  Gateway  
  176  10:58  Assimilator  
  176  11:02  Assimilator, High Templar x2  
  176  11:03  High Templar x2  
  176  11:04  High Templar x2  
  188  11:05  High Templar  
  188  11:06  Pylon  
  156  11:36  Immortal  
  156  11:37  Stalker x3  
  156  11:38  Stalker, Archon  
  156  11:39  Archon x2  
  130  11:40  High Templar, Zealot  
  130  11:41  Zealot x6  
  130  11:45  Archon  
  146  11:54  Probe x3, Robotics Facility  
  149  11:59  Stalker x2  
  149  12:01  Zealot x5  
  155  12:02  Zealot x5  
  161  12:17  Stalker  
  161  12:18  Stalker  
Show
View Real Time Build Order
Export as new Build Order

HoldTheDoor Protoss 

Build Orders:  

Get SALT Encoding   

  12  0:00  Probe  
  13  0:12  Probe  
  14  0:17  Pylon  
  14  0:24  Probe  
  15  0:32  Probe  
  15  0:40  Probe, Gateway  
  16  0:47  Assimilator  
  17  0:51  Probe  
  18  0:57  Assimilator  
  18  1:03  Probe  
  19  1:15  Probe  
  20  1:20  Gateway  
  20  1:27  Probe, Cybernetics Core  
  21  1:39  Probe  
  22  1:40  Pylon  
  22  1:51  Probe  
  23  2:03  Probe  
  23  2:06  Stalker x2  
  23  2:07  Warp Gate  
  28  2:17  Pylon  
  28  2:28  Probe  
  28  2:29  Robotics Facility  
  29  2:38  Stalker  
  29  2:41  Sentry  
  29  2:43  Probe  
  34  2:56  Probe  
  35  2:59  Shield Battery  
  35  3:08  Probe  
  36  3:20  Nexus  
  36  3:48  Pylon  
  36  3:57  Immortal  
  36  3:59  Probe  
  36  4:00  Stargate  
  41  4:11  Stalker x2  
  41  4:14  Probe  
  46  4:26  Probe  
  47  4:34  Probe  
  48  4:38  Probe  
  48  4:44  Pylon  
  48  4:45  Zealot x2  
  53  4:46  Probe  
  53  4:49  Immortal  
  58  4:54  Phoenix  
  58  4:57  Probe  
  61  5:09  Twilight Council  
  61  5:10  Probe  
  61  5:11  Pylon  
  62  5:16  Zealot  
  62  5:17  Zealot  
  62  5:19  Probe  
  67  5:25  Phoenix  
  67  5:27  Probe  
  70  5:29  Observer  
  70  5:33  Pylon  
  71  5:37  Charge, Pylon  
  71  5:38  Sentry  
  71  5:39  Zealot  
  71  5:42  Probe x2  
  77  5:51  Pylon  
  77  5:55  Pylon  
  77  6:01  Probe  
  77  6:03  Assimilator  
  78  6:05  Assimilator  
  78  6:08  Probe  
  78  6:09  Forge  
  79  6:17  Probe  
  84  6:25  Phoenix  
  86  6:26  Zealot  
  86  6:27  Zealot  
  86  6:52  Zealot x2  
  86  6:53  Photon Cannon  
  90  6:57  Photon Cannon  
  90  6:58  Protoss Ground Weapons Level 1  
  90  7:00  Pylon  
  90  7:02  Pylon  
  90  7:06  Pylon  
  90  7:09  Probe  
  91  7:20  Gateway  
  91  7:21  Gateway  
  91  7:24  Gateway  
  91  7:26  Gateway  
  91  7:28  Gateway  
  91  7:29  Blink, Gateway  
  91  7:31  Gateway  
  91  7:32  Gateway  
  91  7:34  Photon Cannon, Probe  
  91  7:35  Probe  
  93  7:48  Photon Cannon  
  93  7:54  Photon Cannon  
  93  7:55  Pylon  
  93  7:58  Pylon  
  93  8:03  Photon Cannon  
  93  8:09  Shield Battery  
  93  8:14  Shield Battery  
  93  8:16  Probe x2  
  93  8:17  Photon Cannon  
  95  8:29  Zealot x3  
  95  8:33  Pylon  
  101  8:46  Nexus  
  101  8:59  Templar Archives  
  101  9:01  Probe  
  102  9:05  Photon Cannon  
  102  9:06  Shield Battery  
  102  9:07  Photon Cannon  
  102  9:10  Probe, Pylon  
  103  9:28  Robotics Facility, Phoenix  
  103  9:30  Pylon  
  105  9:33  Protoss Ground Armor Level 1, Probe  
  105  9:35  Probe  
  107  9:46  Protoss Air Weapons Level 1  
  107  9:52  Robotics Facility  
  107  9:53  Robotics Facility  
  107  9:57  Robotics Facility  
  107  9:58  Probe x2  
  109  10:06  Assimilator  
  109  10:12  Pylon  
  109  10:14  Assimilator  
  109  10:16  Pylon  
  107  10:31  Zealot  
  107  10:33  High Templar x3  
  107  10:34  High Templar x4  
  123  10:38  Archon x2  
  123  10:39  Archon  
  123  10:45  Immortal  
  127  10:54  Zealot x3  
  133  11:06  Nexus  
  133  11:08  Pylon  
  133  11:17  Stalker x2  
  133  11:18  Stalker x6  
  139  11:19  Stalker  
  121  11:35  Zealot  
  115  11:44  Nexus  
  115  11:47  Photon Cannon x2  
  115  11:49  Photon Cannon  
  115  11:51  Pylon  
  115  12:04  Zealot x6  
Tags
 
Add a new tag
Caveats
  • Supply blocks, unpowered buildings, or Contaminate may cause inaccurate times.
  • Supply counts are checked every 10 seconds.